 Dungeon Crawl Stone Soup version 0.18.1-6-gd335043 (webtiles) character file.

428 NoLuckNoSkill the Cudgeler (level 6, -7/50 HPs)
             Began as a Mummy Chaos Knight on May 17, 2016.
             Mangled by an iguana (13 damage)
             ... on level 5 of the Dungeon.
             The game lasted 00:06:55 (3335 turns).

NoLuckNoSkill the Cudgeler (Mummy Chaos Knight)     Turns: 3335, Time: 00:06:56

Health: -7/50      AC: -1    Str: 17    XL:     6   Next: 65%
Magic:  6/6        EV: 16    Int: 14    God:    Xom [....*.]
Gold:   400        SH:  0    Dex: 17    Spells: 0 memorised, 5 levels left

rFire  x . .     SeeInvis .     a - +0 mace (chaos)
rCold  + . .     Gourm    .     b - +3 leather armour
rNeg   + + +     Faith    .     (no shield)
rPois  ∞         Spirit   .     i - +2 helmet
rElec  .         Dismiss  .     j - +0 cloak (curse)
rCorr  .         Reflect  .     (no gloves)
SustAt .         Harm     .     (no boots)
MR     .....                    h - amulet of inaccuracy (curse)
Stlth  ++........               (no ring)
                                g - +3 ring of intelligence

@: agile, corroded, not resistant to hostile enchantments, unstealthy
A: no food or potions, fire vulnerability, cold resistance 1, negative energy
resistance 3, torment resistance, unbreathing
a: Renounce Religion


You were on level 5 of the Dungeon.
You worshipped Xom.
You were a beloved toy of Xom.
You were not hungry.

You visited 1 branch of the dungeon, and saw 5 of its levels.

You collected 400 gold pieces.

Inventory:

Hand Weapons
 a - a +0 mace of chaos (weapon)
 f - a +2 flail of crushing
 k - the cursed +1 quarterstaff "Safrior" {venom, rC+ Int+5}
   (You found it on level 4 of the Dungeon)

   It poisons the flesh of those it strikes.
   It affects your intelligence (+5).
   It protects you from cold.
   It has a curse placed upon it.
Armour
 b - a +3 leather armour (worn)
 i - a +2 helmet (worn)
 j - a cursed +0 cloak (worn)
Jewellery
 g - a +3 ring of intelligence (left hand)
 h - a cursed amulet of inaccuracy (around neck)
 n - an uncursed amulet of harm {unknown}
Wands
 l - a wand of lightning (4/15)
Scrolls
 c - 4 scrolls of identify
 d - 4 scrolls of teleportation
 e - a scroll of fog
 m - a scroll of enchant armour


   Skills:
 + Level 4.8 Fighting
 * Level 5.4 Maces & Flails
 - Level 1.5 Armour
 - Level 0.7 Dodging


You had 5 spell levels left.
You didn't know any spells.

Dungeon Overview and Level Annotations

Branches:
Dungeon (5/15)
 Temple: D:4-7

Altars:
Qazlal
Xom
Beogh

Shops:
D:5 ?


Innate Abilities, Weirdness & Mutations

You do not eat or drink.
Your flesh is vulnerable to fire.
You are immune to poison.
Your flesh is cold resistant.
You are immune to negative energy.
You are immune to unholy pain and torment.
You can survive without breathing.


Message History

The dart slug closely misses you. The iguana completely misses you.
Unknown command.
You hit the dart slug.
The dart slug is poisoned.
The dart slug is lightly wounded.
The iguana closely misses you.
Unknown command.
You sock the dart slug!
You kill the dart slug!
The iguana closely misses you.
Unknown command.
You barely miss the jelly.
The jelly is severely wounded.
The iguana barely misses you. The jelly hits you but does no damage.
Unknown command.
You hit the jelly but do no damage. The acid corrodes you!
Your hands burn!
* * * LOW HITPOINT WARNING * * *
The jelly is severely wounded.
The iguana bites you!
You die...
Xom guffaws!

### #+# .... +.. ..#
...# . #.# #.# ..##..
#.# #.# ....
#.###.#####.#
#.....'.#...#
#'#####.....########
##.# #..##.[..l"....#
##..###.. #..∩.J@....#
.....(....+...##.....#
..........#...########
.........##...#
######...##...#
#...##.... .........
........


You could see an iguana and a jelly.

Vanquished Creatures
  An ice beast (D:4)
  2 orc priests (D:3)
  A jelly (D:4)
  An orc wizard (D:3)
  2 worker ants (D:4)
  Natasha (D:2)
  3 gnolls (D:4)
  3 adders
  An ooze (D:2)
  A worm (D:2)
  6 dart slugs
  4 giant geckos
  16 orcs
  A ball python (D:3)
  5 bats
  A giant cockroach (D:2)
  8 goblins
  6 hobgoblins
  6 kobolds
  3 quokkas
  A ball python (shapeshifter) (D:2)
  2 giant newts
  3 rats
78 creatures vanquished.

Vanquished Creatures (collateral kills)
  4 gnolls (D:2)
4 creatures vanquished.

Grand Total: 82 creatures vanquished

Notes
Turn   | Place    | Note
--------------------------------------------------------------
     0 | D:1      | NoLuckNoSkill the Mummy Chaos Knight began the quest for the Orb.
     0 | D:1      | Reached XP level 1. HP: 18/18 MP: 1/1
     8 | D:1      | Noticed a merfolk zombie
   214 | D:1      | Found a shimmering altar of Xom.
   388 | D:1      | Reached XP level 2. HP: 22/24 MP: 2/2
   541 | D:1      | XOM: harmless Ice miscast
   646 | D:2      | Reached skill level 3 in Maces & Flails
   694 | D:2      | XOM: cast spell 'Summon Small Mammal'
   777 | D:2      | XOM: enchant monster (good)
   778 | D:2      | Reached XP level 3. HP: 29/29 MP: 3/3
   782 | D:2      | Noticed Natasha
   788 | D:2      | XOM: potion effect (haste)
   791 | D:2      | Killed Natasha
   856 | D:2      | Reached XP level 4. HP: 28/36 MP: 4/4
   871 | D:2      | Found a stormy altar of Qazlal.
   946 | D:2      | XOM: colour smoke trail
  1221 | D:2      | XOM: cast spell 'Summon Horrible Things'
  1302 | D:3      | Reached skill level 4 in Maces & Flails
  1431 | D:3      | XOM: 3-stop teleportation journey
  1475 | D:3      | XOM: confuse monster(s)
  1479 | D:3      | XOM: god gift: 5 bolts
  1494 | D:3      | Reached XP level 5. HP: 33/42 MP: 5/5
  1776 | D:3      | Found a roughly hewn altar of Beogh.
  1824 | D:3      | XOM: 2-stop teleportation journey
  1864 | D:3      | XOM: confuse monster(s)
  1878 | D:3      | XOM: silly message
  2487 | D:4      | Reached XP level 6. HP: 45/49 MP: 6/6
  2510 | D:4      | Got an ancient quarterstaff
  2513 | D:4      | Identified the cursed +1 quarterstaff "Safrior" {venom, rC+ Int+5} (You found it on level 4 of the Dungeon)
  2556 | D:4      | XOM is BORED!
  2556 | D:4      | XOM: summons 1 hostile demon
  2573 | D:4      | You fall through a shaft!
  2573 | D:5      | Entered Level 5 of the Dungeon
  2836 | D:4      | Reached skill level 5 in Maces & Flails
  2881 | D:4      | XOM: polymorph worker ant -> jelly
  3142 | D:5      | Noticed an ice beast
  3169 | D:5      | XOM: enchant monster (bad)
  3199 | D:4      | XOM: summons friendly quasit
  3218 | D:4      | Killed an ice beast
  3218 | D:4      | XOM: scenery: create altars
  3301 | D:5      | Found Ycuecha's Magic Scroll Boutique.
  3320 | D:5      | XOM: potion effect (agility)
  3335 | D:5      | Mangled by an iguana

Skill      XL: |  1  2  3  4  5  6 |
---------------+-------------------+-----
Maces & Flails | 3 4 5 |  5.4
Fighting       | 4 |  4.8
Armour         | |  1.5
Dodging        | |  0.7

Action                   |  1- 3 |  4- 6 || total
-------------------------+-------+-------++-------
Melee: Mace              |    66 |   149 ||   215
       Flail             |       |    87 ||    87
  Use: Scroll            |       |     9 ||     9
 Stab: Confused          |       |     2 ||     2
       Petrifying        |       |     2 ||     2
Armor: Leather armour    |    23 |    96 ||   119
Dodge: Dodged            |    46 |   168 ||   214
